 Dungeon Crawl Stone Soup version 0.23-a0-550-g7de1f8e (console) character file.

13194 Duffy the Cleaver (level 11, -4/101 HPs)
             Began as a Minotaur Gladiator on Dec 9, 2018.
             Was an Elder of Makhleb.
             Splashed by an acid dragon's acid (14 damage)
             ... on level 14 of the Dungeon.
             The game lasted 00:13:33 (12424 turns).

Duffy the Cleaver (Minotaur Gladiator)             Turns: 12424, Time: 00:13:34

Health: -4/101     AC:  9    Str: 22    XL:     11   Next: 72%
Magic:  14/14      EV:  8    Int:  5    God:    Makhleb [****..]
Gold:   535        SH:  0    Dex: 12    Spells: 10/10 levels left

rFire    + . .     SeeInvis .   x - +0 battleaxe
rCold    + + .     Gourm    .   (shield currently unavailable)
rNeg     + . .     Faith    .   i - +0 plate armour
rPois    .         Spirit   .   F - +0 hat
rElec    .         Reflect  .   l - scarf {rC+ rF+}
rCorr    .         Harm     .   D - +1 pair of gloves
MR       .....                  B - +0 pair of boots
Stlth    ..........             (no amulet)
HPRegen  0.26/turn              e - ring of positive energy
MPRegen  0.14/turn              r - ring of protection from cold

@: corroded
A: retaliatory headbutt, horns 2
a: Minor Destruction, Lesser Servant of Makhleb, Major Destruction, Renounce
Religion


You were on level 14 of the Dungeon.
You worshipped Makhleb.
Makhleb was greatly pleased with you.
You were hungry.

You visited 2 branches of the dungeon, and saw 14 of its levels.

You collected 664 gold pieces.
You spent 129 gold pieces at shops.

Inventory:

Hand Weapons
 x - a +0 battleaxe (weapon)
Missiles
 d - 5 throwing nets (quivered)
 g - 8 curare-tipped needles
Armour
 a - the +0 chain mail of the Elven Halls {rN++ rCorr}
   (You took it off an orc on level 5 of the Dungeon)

   It greatly protects you from negative energy.
   It provides partial protection from all sources of acid and corrosion.
 i - a +0 plate armour (worn)
 l - a scarf of resistance (worn)
 B - a +0 pair of boots (worn)
 D - a +1 pair of gloves (worn)
 F - a +0 hat (worn)
Jewellery
 e - a ring of positive energy (left hand)
 r - a ring of protection from cold (right hand)
Wands
 u - a wand of acid (4)
 E - a wand of iceblast (7)
 G - a wand of flame (10)
Scrolls
 b - 9 scrolls of remove curse
 c - a scroll of noise {unknown}
 j - 3 scrolls of enchant armour
 p - a scroll of enchant weapon
 t - a scroll of summoning
 y - a scroll of fear
 z - a scroll of blinking {unknown}
 C - 2 scrolls of immolation
Potions
 k - 2 potions of cancellation
 n - 2 potions of ambrosia
 o - 2 potions of haste
 q - 3 potions of mutation
 v - 2 potions of magic
 w - a potion of flight
 A - 3 potions of curing
 H - a potion of agility {unknown}
Comestibles
 f - 25 rations


   Skills:
 + Level 10.5 Fighting
 + Level 14.2 Axes
 - Level 2.0 Throwing
 + Level 8.9 Armour
 - Level 3.2 Dodging
 - Level 6.0 Invocations
 - Level 6.3 Evocations


You had 10 spell levels left.
You didn't know any spells.
Your spell library contained the following spells:

 Spells                   Type           Power        Failure   Level  Hunger
 Beastly Appendage        Tmut           #.....       100%        1    ##.....
 Sticks to Snakes         Tmut           #.......     100%        2    ###....
 Spider Form              Tmut/Pois      #.........   100%        3    ####...
 Ice Form                 Ice/Tmut       #.......     100%        4    #####..
 Blade Hands              Tmut           #.........   100%        5    ######.


Dungeon Overview and Level Annotations

Branches:
Dungeon (14/15)            Temple (1/1) D:7            Lair (0/6) D:10
    Orc: D:9-12      Vaults: D:13-14

Altars:
Ashenzari
Cheibriados
Dithmenos
Elyvilon
Fedhas
Gozag
Hepliaklqana
Kikubaaqudgha
Makhleb
Nemelex Xobeh
Okawaru
Qazlal
Ru
Sif Muna
Trog
Uskayaw
Vehumet
Wu Jian
Xom
Yredelemnul
Zin
The Shining One
Beogh
Jiyva

Shops:
D:5 *   D:14 *

Annotations:
D:8 3 runed doors, feelmyfire's ghost, novice TrWr


Innate Abilities, Weirdness & Mutations

You reflexively headbutt those who attack you in melee.
You have a pair of horns on your head.


Message History

The acid dragon bites you.
The acid dragon claws you but does no damage.
You hit the acid dragon.
The acid dragon is moderately wounded.
The acid dragon bites you! The acid dragon barely misses you.
You barely miss the acid dragon.
You headbutt the acid dragon, but do no damage.
The acid dragon is moderately wounded.
The acid dragon bites you. The acid dragon claws you.
You closely miss the acid dragon. You headbutt the acid dragon.
The acid dragon is heavily wounded.
The acid dragon bites you but does no damage.
The acid dragon barely misses you.
An orc comes into view.
You slash the acid dragon!
The acid dragon is severely wounded.
The acid dragon spits acid at you. The splash of acid hits you!
The acid corrodes you!
You are splashed with acid!
The acid burns!
You die...

...........................
#.}._.\.}................
#........................
#........................
#........................
#########........................
.................................
.......=.....<..D................
...............@[[...............
##########.o########(###########.
#..########.....F..
#.........(........
#............77.P..
#....7###7...7777P7 #....#
#.....P7 +....PP777.P
#...........


You could see an acid dragon and an orc.

Vanquished Creatures
  2 two-headed ogres
  An unseen horror (D:10)
  2 deep elf magi
  An efreet (D:14)
  A kobold demonologist (D:10)
  A komodo dragon (D:10)
  3 trolls
  The ghost of galech the Chopper, an amateur DsFi of Okawaru (D:5)
  A queen bee (D:9)
  Grinder (D:4)
  Sigmund (D:3)
  A vampire (D:9)
  6 yaks (D:10)
  A vampire mosquito (D:8)
  2 hungry ghosts
  Edmund (D:4)
  A soldier ant (D:13)
  A water moccasin (D:13)
  2 black bears
  3 ice beasts
  2 orc warriors
  2 sky beasts
  10 ogres
  2 phantoms
  A necrophage (D:6)
  3 centaurs
  7 bullfrogs
  A gnoll sergeant (D:6)
  6 scorpions
  27 killer bees
  21 wights
  3 howler monkeys
  6 crimson imps
  A wyvern simulacrum (D:14)
  2 bullfrog zombies
  3 hounds
  A bullfrog skeleton (D:5)
  4 orc priests
  Crazy Yiuf (D:3)
  2 jellies (D:9)
  4 iguanas
  Jessica (D:3)
  Natasha (thrice) (D:3)
  9 orc wizards
  11 worker ants
  A killer bee zombie (D:6)
  3 hound skeletons
  3 worker ant zombies
  9 gnolls (D:6)
  11 adders
  2 oozes
  3 adder skeletons
  2 adder zombies
  A worm (D:2)
  2 dart slugs (D:2)
  6 leopard geckos
  38 orcs
  8 giant cockroaches
  8 goblins
  7 hobgoblins
  9 jackals
  4 quokkas
  2 ball pythons
  11 bats
  6 frilled lizards
  6 kobolds
  A leopard gecko skeleton (D:4)
  2 quokka skeletons
  A quokka zombie (D:9)
  5 rats
  2 plants (D:10)
319 creatures vanquished.

Vanquished Creatures (others)
  2 plants
2 creatures vanquished.

Grand Total: 321 creatures vanquished

Notes
Turn   | Place    | Note
-------+----------+-------------------------------------------
     0 | D:1      | Duffy the Minotaur Gladiator began the quest for the Orb.
     0 | D:1      | Reached XP level 1. HP: 18/18 MP: 0/0
    41 | D:1      | Reached skill level 4 in Axes
   122 | D:1      | Reached XP level 2. HP: 25/25 MP: 1/1
   569 | D:1      | Reached skill level 5 in Axes
   684 | D:1      | Reached XP level 3. HP: 30/30 MP: 2/2
  1250 | D:2      | Reached skill level 1 in Armour
  1654 | D:2      | Reached XP level 4. HP: 37/37 MP: 3/3
  1781 | D:2      | Found a faded altar of an unknown god.
  1900 | D:3      | Noticed Jessica
  1911 | D:3      | Killed Jessica
  1911 | D:3      | Reached skill level 6 in Axes
  1951 | D:3      | Noticed Sigmund
  1963 | D:3      | Killed Sigmund
  1963 | D:3      | Reached skill level 7 in Axes
  1963 | D:3      | Reached XP level 5. HP: 9/42 MP: 4/4
  1963 | D:3      | Reached XP level 6. HP: 11/50 MP: 5/5
  2225 | D:3      | Found a runed door.
  2229 | D:3      | Noticed Crazy Yiuf
  2239 | D:3      | Killed Crazy Yiuf
  2381 | D:3      | Reached skill level 8 in Axes
  2797 | D:3      | Noticed Natasha
  2804 | D:3      | Killed Natasha
  3023 | D:3      | Noticed Natasha
  3032 | D:3      | Killed Natasha
  3092 | D:3      | Noticed Natasha
  3099 | D:3      | Killed Natasha
  3140 | D:4      | Noticed Edmund
  3173 | D:4      | Killed Edmund
  3173 | D:4      | Reached skill level 9 in Axes
  3173 | D:4      | Reached XP level 7. HP: 21/56 MP: 6/6
  3463 | D:4      | Noticed Grinder
  3470 | D:4      | Paralysed by Grinder for 6 turns
  3481 | D:4      | Paralysed by Grinder for 4 turns
  3492 | D:4      | Killed Grinder
  3492 | D:4      | Reached skill level 10 in Axes
  3775 | D:4      | Noticed a +0 dagger
  3776 | D:4      | Found a hide-covered altar of Uskayaw.
  3776 | D:4      | Noticed a +0 hand axe
  4121 | D:4      | Reached XP level 8. HP: 55/62 MP: 7/7
  4244 | D:5      | Entered Level 5 of the Dungeon
  4736 | D:5      | Reached skill level 11 in Axes
  4802 | D:5      | Found a runed gate.
  4802 | D:5      | Found a runed gate.
  4802 | D:5      | Found a runed gate.
  4807 | D:5      | Identified the +1 whip of Optimality {slash, Str+4 Int+3}
  4807 | D:5      | Identified the +0 chain mail of the Elven Halls {rN++
                  | rCorr}
  4872 | D:5      | Found Lemidaon's Assorted Antiques.
  4880 | D:5      | Bought a scroll labeled ITWEEF GYCKORGH for 27 gold pieces
  4880 | D:5      | Bought a scroll labeled TYDUH TIPSE for 27 gold pieces
  4880 | D:5      | Bought a scroll labeled HEOTOS BEDYSUE for 27 gold pieces
  4880 | D:5      | Bought 2 bubbling sapphire potions for 48 gold pieces
  5122 | D:5      | Noticed galech's ghost (amateur DsFi)
  5198 | D:5      | Found a roughly hewn altar of Beogh.
  5267 | D:6      | Reached skill level 5 in Fighting
  5969 | D:6      | Reached XP level 9. HP: 70/75 MP: 8/8
  6002 | D:6      | Reached skill level 12 in Axes
  6300 | D:7      | Found a staircase to the Ecumenical Temple.
  6310 | Temple   | Entered the Ecumenical Temple
  6490 | Temple   | Became a worshipper of Makhleb the Destroyer
  6696 | D:7      | Reached skill level 1 in Evocations
  7362 | D:8      | Found a runed gate.
  7362 | D:8      | Found a runed gate.
  7362 | D:8      | Found a runed gate.
  7367 | D:8      | Found a viscous altar of Jiyva.
  7367 | D:8      | Noticed feelmyfire's ghost (novice TrWr)
  7568 | D:8      | Reached * piety under Makhleb
  7639 | D:8      | Reached skill level 5 in Evocations
  7644 | D:8      | Noticed a two-headed ogre
  7652 | D:8      | Killed a two-headed ogre
  7652 | D:8      | Reached XP level 10. HP: 43/88 MP: 11/13
  7857 | D:8      | Reached skill level 5 in Armour
  8402 | D:5      | Killed galech's ghost
  8869 | D:9      | Reached skill level 13 in Axes
  9053 | D:9      | Reached ** piety under Makhleb
  9210 | D:9      | Reached skill level 1 in Invocations
  9883 | D:9      | Reached skill level 5 in Invocations
 10494 | D:10     | Entered Level 10 of the Dungeon
 10494 | D:10     | Found a glowing golden altar of the Shining One.
 10495 | D:10     | Noticed a two-headed ogre
 10505 | D:10     | Killed a two-headed ogre
 10505 | D:10     | Reached XP level 11. HP: 54/95 MP: 14/14
 10630 | D:10     | Noticed a deep elf mage
 10636 | D:10     | Killed a deep elf mage
 10660 | D:10     | Reached *** piety under Makhleb
 10875 | D:10     | Found a staircase to the Lair.
 10903 | D:10     | Killed an unseen horror
 11324 | D:10     | Reached skill level 10 in Fighting
 11772 | D:11     | You fall through a shaft for 3 floors!
 11772 | D:14     | Noticed a two-headed ogre
 11782 | D:14     | Noticed a deep elf mage
 11782 | D:14     | HP: 1/99 [deep elf mage/bolt of lightning (38)]
 11785 | D:14     | Found Weutikluat's Profane Products.
 11787 | D:14     | Found an ancient bone altar of Kikubaaqudgha.
 11787 | D:14     | Noticed a tengu warrior
 11901 | D:14     | Killed a deep elf mage
 11901 | D:14     | Reached skill level 14 in Axes
 11901 | D:14     | Reached **** piety under Makhleb
 12305 | D:13     | Noticed a vault guard
 12424 | D:14     | Splashed by an acid dragon's acid

Vault maps used:
D:1:      dpeg_arrival_renting
D:2:      minmay_recursive_quarters, chequers_ecumenical_altar_grove,
          chequers_serial_rivers_micro_c
D:3:      first_ration, uniq_crazy_yiuf_cottage, uniq_natasha, uniq_jessica,
          uniq_sigmund
D:4:      dancing_weapons_uskayaw, uniq_edmund, uniq_grinder
D:5:      serial_shops, shop, biasface_ghost_orc_armoury
D:7:      minmay_temple_entry_stoned_glass, hangedman_decor_points,
          grunt_ogre_cave
D:8:      gammafunk_ghost_ooze, minmay_manual_mail
D:9:      special_room
D:10:     david_lair_shrubbed, basic_altar, minmay_fractal_squares_gapless_5
D:11:     david_orc_2, serial_shops, shop
D:13:     david_vaults_5, worms_lemuel, uniq_snorg
D:14:     serial_park_paths, nicolae_evil_shop
Temple:   grunt_wide_crystal_templ

Skill      XL: |  1  2  3  4  5  6  7  8  9 10 11 |
---------------+----------------------------------+-----
Axes           | 4 5 7 9 10 11 12 13 14 | 14.2
Armour         | 1 2 3 4 6 8 |  8.9
Fighting       | 6 7 8 10 | 10.5
Evocations     | 6 |  6.3
Invocations    | 6 |  6.0
Throwing       | |  2.0
Dodging        | |  3.2

Action                   |  1- 3 |  4- 6 |  7- 9 | 10-12 || total
-------------------------+-------+-------+-------+-------++-------
Melee: War axe           |    96 |   107 |   366 |       ||   569
       Headbutt          |     9 |    17 |    80 |    73 ||   179
       Battleaxe         |       |       |    35 |   435 ||   470
Throw: Throwing net      |       |     1 |       |       ||     1
Evoke: Wand              |       |       |     1 |     6 ||     7
  Use: Scroll            |       |       |       |    20 ||    20
       Potion            |       |       |       |     5 ||     5
 Stab: Held in net/web   |       |     1 |       |       ||     1
  Eat: Chunk             |     2 |     5 |    14 |    12 ||    33
       Ration            |       |       |     1 |     2 ||     3
Armor: Leather armour    |    13 |       |       |       ||    13
       Ring mail         |    22 |       |       |       ||    22
       Plate armour      |    19 |    61 |   217 |   373 ||   670
Dodge: Dodged            |    67 |    25 |   108 |   229 ||   429
Block: Shield            |       |       |    19 |       ||    19

Table legend:
 A = Non-vault XP
 B = Vault XP
 C = Vault XP percentage of total XP
 D = Non-vault monster count
 E = Vault monster count
 F = Vault count percentage of total count
                 A         B        C        D         E       F
            +---------+---------+-------+---------+---------+-------
      Total |   13909 |    4940 |  26.2 |     250 |      67 |  21.1
            +---------+---------+-------+---------+---------+-------
        D:1 |      47 |       0 |   0.0 |      29 |       0 |   0.0
        D:2 |      44 |      31 |  41.3 |       9 |      16 |  64.0
        D:3 |     123 |     335 |  73.1 |      14 |       4 |  22.2
        D:4 |     418 |     438 |  51.2 |      20 |       2 |   9.1
        D:5 |     796 |     348 |  30.4 |      25 |      10 |  28.6
        D:6 |     984 |       0 |   0.0 |      33 |       0 |   0.0
        D:7 |     589 |     121 |  17.0 |      11 |       1 |   8.3
        D:8 |    1366 |    1165 |  46.0 |      24 |       4 |  14.3
        D:9 |    1719 |    1702 |  49.8 |      23 |      24 |  51.1
       D:10 |    4866 |     800 |  14.1 |      38 |       6 |  13.6
       D:11 |     562 |       0 |   0.0 |       8 |       0 |   0.0
       D:13 |     767 |       0 |   0.0 |       6 |       0 |   0.0
       D:14 |    1628 |       0 |   0.0 |      10 |       0 |   0.0
            +---------+---------+-------+---------+---------+-------
